 Dungeon Crawl Stone Soup version 0.22-a0-456-g11ed031 (webtiles) character file.

428 cultivahabas the Ruffian (level 6, -1/62 HPs)
             Began as a Troll Monk on June 7, 2018.
             Was a Believer of Nemelex Xobeh.
             Slain by an ogre
             ... wielding a +0 giant club
              (17 damage)
             ... on level 5 of the Dungeon.
             The game lasted 00:08:34 (3323 turns).

cultivahabas the Ruffian (Troll Monk)               Turns: 3323, Time: 00:08:35

Health: -1/62      AC:  5    Str: 20    XL:     6   Next: 65%
Magic:  5/5        EV: 10    Int:  8    God:    Nemelex Xobeh [**....]
Gold:   215        SH:  0    Dex: 12    Spells: 5/5 levels left

rFire    . . .     SeeInvis .     - Unarmed
rCold    . . .     Gourm    +   (no shield)
rNeg     . . .     Faith    .   a - +0 robe
rPois    .         Spirit   .   (helmet restricted)
rElec    .         Reflect  .   (no cloak)
rCorr    .         Harm     .   (gloves unavailable)
MR       .....                  (boots unavailable)
Stlth    ++........             (no amulet)
HPRegen  0.60/turn              (no ring)
MPRegen  0.09/turn              (no ring)

@: no status effects
A: large, unfitting armour, claws 3, fast metabolism 3, gourmand, regeneration
1, shaggy fur 1, tough skin 2
a: Renounce Religion


You were on level 5 of the Dungeon.
You worshipped Nemelex Xobeh.
Nemelex Xobeh was pleased with you.
You were completely stuffed.

You visited 2 branches of the dungeon, and saw 6 of its levels.

You collected 215 gold pieces.

Inventory:

Armour
 a - a +0 robe (worn)
Scrolls
 d - 9 scrolls of identify {unknown}
 e - 2 scrolls of fear {unknown}
 f - a scroll of enchant armour {unknown}
 g - a scroll of immolation {unknown}
 j - 4 scrolls of teleportation {unknown}
 k - a scroll of amnesia {unknown}
 m - a scroll of enchant weapon {unknown}
 n - 5 scrolls of remove curse {unknown}
 s - a scroll of random uselessness {unknown}
Potions
 c - a potion of flight {unknown}
 h - a potion of agility {unknown}
 i - 5 potions of degeneration {unknown}
 l - a potion of mutation {unknown}
 o - 2 potions of heal wounds {unknown}
 p - a potion of brilliance {unknown}
 r - a potion of might {unknown}
 t - a potion of magic {unknown}
 w - a potion of ambrosia {unknown}
Miscellaneous
 q - a plain deck of destruction
 u - a plain deck of summoning
Comestibles
 b - 16 rations


   Skills:
 + Level 4.0 Fighting
 - Level 2.4 Dodging
 - Level 1.0 Stealth
 * Level 6.3 Unarmed Combat
 + Level 1.1 Invocations


You had 5 spell levels left.
You didn't know any spells.
Your spell library was empty.

Dungeon Overview and Level Annotations

Branches:
Dungeon (5/15)             Temple (1/1) D:4

Altars:
Ashenzari
Cheibriados
Dithmenos
Elyvilon
Fedhas
Gozag
Hepliaklqana
Kikubaaqudgha
Makhleb
Nemelex Xobeh
Okawaru
Qazlal
Sif Muna
Trog
Uskayaw
Vehumet
Wu Jian
Xom
Yredelemnul
Zin
The Shining One


Innate Abilities, Weirdness & Mutations

You are too large for most types of armour.
You have claws for hands.
Your metabolism is lightning-fast.
You like to eat raw meat.
Your natural rate of healing is unusually fast.
You are covered in fur. (AC +1)
You have very tough skin. (AC +2)


Message History

An ogre comes into view. It is wielding a giant club.
The ogre shouts!
Found an escape hatch in the floor.
An ogre is nearby!
An ogre is nearby!
You barely miss the ogre. The ogre hits you with a giant club!!
You scratch the ogre.
The ogre is lightly wounded.
You barely miss the ogre.
The ogre is lightly wounded.
The ogre hits you with a giant club!
You barely miss the ogre.
The ogre is lightly wounded.
The ogre hits you with a giant club!
* * * LOW HITPOINT WARNING * * *
You scratch the ogre.
The ogre is moderately wounded.
You open the door. The ogre hits you with a giant club!
You die...
Your body disappears without a glow.

#>... ######..##..######
#..... #...##..##........
#.....##.^.##..##......##
.......................##
.........................
.....$.................<.
###...###..##..###.###.#.
#... ##O.##..# #+# ####
.... #@..#....#
.......'...#....#
.##....##..#....# #####
#..# ####


You could see an ogre.

Vanquished Creatures
  An ogre (D:4)
  A centaur skeleton (D:5)
  4 orc wizards
  10 adders
  A worm (D:3)
  3 dart slugs (D:1)
  5 leopard geckos
  7 orcs
  A ball python (D:2)
  9 bats
  3 giant cockroaches
  7 goblins
  14 hobgoblins
  12 jackals
  3 quokkas
  3 frilled lizards
  17 kobolds
  9 rats
110 creatures vanquished.

Notes
Turn   | Place    | Note
-------+----------+-------------------------------------------
     0 | D:1      | cultivahabas the Troll Monk began the quest for the Orb.
     0 | D:1      | Reached XP level 1. HP: 22/22 MP: 0/0
    51 | D:1      | Reached XP level 2. HP: 25/29 MP: 1/1
   243 | D:1      | Reached XP level 3. HP: 27/36 MP: 2/2
   315 | D:1      | Reached skill level 4 in Unarmed Combat
  1167 | D:2      | Reached XP level 4. HP: 45/45 MP: 3/3
  1614 | D:2      | Found a basalt altar of Yredelemnul.
  1761 | D:2      | Found a burning altar of Makhleb.
  1761 | D:2      | Found a glowing golden altar of the Shining One.
  1761 | D:2      | Found a deep blue altar of Sif Muna.
  1832 | D:3      | Found a glowing silver altar of Zin.
  1834 | D:3      | Noticed an angel
  1839 | D:3      | Found a shimmering altar of Xom.
  2065 | D:3      | Reached skill level 5 in Unarmed Combat
  2134 | D:3      | Reached XP level 5. HP: 44/53 MP: 4/4
  2427 | D:4      | Found a staircase to the Ecumenical Temple.
  2441 | Temple   | Entered the Ecumenical Temple
  2462 | Temple   | Became a worshipper of Nemelex Xobeh the Trickster
  2462 | Temple   | Received a gift from Nemelex Xobeh
  2462 | Temple   | Reached * piety under Nemelex Xobeh
  2462 | Temple   | Received a gift from Nemelex Xobeh
  2462 | Temple   | Reached ** piety under Nemelex Xobeh
  2606 | D:4      | Found a shadowy altar of Dithmenos.
  2624 | D:4      | Noticed an ogre
  2633 | D:4      | Killed an ogre
  2788 | D:4      | Reached XP level 6. HP: 54/62 MP: 5/5
  2818 | D:3      | Reached skill level 6 in Unarmed Combat
  3053 | D:4      | Reached skill level 1 in Invocations
  3064 | D:4      | Found a radiant altar of Vehumet.
  3239 | D:5      | Entered Level 5 of the Dungeon
  3323 | D:5      | Slain by an ogre

Vault maps used:
D:1:      nicolae_arrival_washed_ashore
D:2:      gammafunk_temple_overflow_claw, marbit_many_paths
D:3:      grunt_temple_overflow_order_and_chaos_1, kennysheep_generic_room_6
D:4:      lemuel_coloured_pillars_altar, nicolae_overflow_hidden_temple,
          minmay_temple_entry_trees, first_ration, minmay_goblin_kobold_house
Temple:   nicolae_temple_god_jail

Skill      XL: |  1  2  3  4  5  6 |
---------------+-------------------+-----
Unarmed Combat | 4 5 6 |  6.3
Fighting       | 3 4 |  4.0
Invocations    | 1 |  1.1
Dodging        | |  2.4
Stealth        | |  1.0

Action                   |  1- 3 |  4- 6 || total
-------------------------+-------+-------++-------
Melee: Unarmed           |   113 |   183 ||   296
       Punch             |     1 |     1 ||     2
 Stab: Sleeping          |     2 |       ||     2
  Eat: Chunk             |    15 |    21 ||    36
Armor: Robe              |    53 |    60 ||   113
Dodge: Dodged            |    58 |    89 ||   147

Table legend:
 A = Spawn XP
 B = Non-spawn XP
 C = Spawn XP percentage of total XP
 D = Spawn monster count
 E = Non-spawn monster count
 F = Spawn count percentage of total count
 G = Total turns spent on level
                    A         B        C        D         E        F      G
               +---------+---------+-------+---------+---------+-------+---------
         Total |       0 |     612 |   0.0 |       0 |     110 |   0.0 |  3323
               +---------+---------+-------+---------+---------+-------+---------
           D:1 |       0 |      77 |   0.0 |       0 |      40 |   0.0 |  1114
           D:2 |       0 |      91 |   0.0 |       0 |      27 |   0.0 |   701
           D:3 |       0 |     118 |   0.0 |       0 |      18 |   0.0 |   649
           D:4 |       0 |     287 |   0.0 |       0 |      24 |   0.0 |   696
           D:5 |       0 |      39 |   0.0 |       0 |       1 |   0.0 |    84
               +---------+---------+-------+---------+---------+-------+---------
